 Dungeon Crawl Stone Soup version 0.32-a0-933-ga8fa3634e4 (webtiles) character file.

Game seed: 374508880892834143

3091 Chimkentus the Toxicologist (level 9, -5/55 HPs)
             Began as an Octopode Alchemist on Apr 14, 2024.
             Was a Follower of Ashenzari.
             Slain by a hornet (10 damage)
             ... while paralysed by a hornet
             ... on level 9 of the Dungeon.
             The game lasted 00:44:54 (8530 turns).

Chimkentus the Toxicologist (Octopode Alchemist)    Turns: 8530, Time: 00:44:55

Health: -5/55      AC:  5    Str: 14    XL:     9   Next: 89%
Magic:  9/17       EV:  2    Int: 22    God:    Ashenzari [*.....]
Gold:   251        SH:  0    Dex: 12    Spells: 5/19 levels left

rFire   + . .        q - +2 war axe (vamp)
rCold   x . .        (no shield)
rNeg    . . .        (helmet currently unavailable)
rPois   .            (no amulet)
rElec   .            w - ring "Lashed Annoyance" {AC+4, Melee, Sorc} (curse)
rCorr   +            y - ring of the Chained Fanaticism {Fly, Bglg, Sorc} (curse)
SInv    +            D - ring of Apeoromancy {rF+ rC- rCorr Str+7 SInv, Comp, Dev} (curse)
Will    .....        (no ring)
Stlth   ++++         (no ring)
HPRegen 0.29/turn    (no ring)
MPRegen 0.15/turn    (no ring)
                     (no ring)

%: no passive effects
@: paralysed, lethally poisoned (-5 -> -9), beast-form, flying, slowed, inugami
summoned
A: beast (slay +1), almost no armour, amphibious, 8 rings, camouflage 1,
gelatinous body 1, (nimble swimmer 1), tentacles
a: Begin Untransformation, Renounce Religion, Curse Item, Shatter the Chains


You were on level 9 of the Dungeon.
You worshipped Ashenzari.
Ashenzari was aware of your devotion.
You were a hulking beast.
You visited 2 branches of the dungeon, and saw 10 of its levels.

You collected 411 gold pieces.
You spent 160 gold pieces at shops.

Inventory:

Hand Weapons
 q - a +2 vampiric war axe (weapon)
 F - a +0 flail of protection
 G - a +4 mace of protection
Missiles
 e - 56 stones
 i - 4 poisoned darts (quivered)
Armour
 r - an orb of wrath
Jewellery
 w - the cursed ring "Lashed Annoyance" (left tentacle) {AC+4, Melee, Sorc}
   (You found it on level 4 of the Dungeon)

   [ring of protection]

   AC+4:      It affects your AC (+4).
   It has a curse which improves the following skills: Melee Combat: Short
   Blades, Long Blades, Axes, Maces & Flails, Polearms, Staves and Unarmed
   Combat.
   Sorcery:   Conjurations and Alchemy.
 y - the cursed ring of the Chained Fanaticism (right tentacle) {Fly, Bglg, Sorc}
   (You found it on level 5 of the Dungeon)

   [ring of flight]

   Fly:       It grants you flight.
   It has a curse which improves the following skills: Beguiling: Hexes and
   Translocations.
   Sorcery:   Conjurations and Alchemy.
 D - the cursed ring of Apeoromancy (on tentacle) {rF+ rC- rCorr Str+7 SInv, Comp, Dev}
   (You acquired it on level 7 of the Dungeon)

   [ring of protection from fire]

   Str+7:     It affects your strength (+7).
   rF+:       It protects you from fire.
   rC-:       It makes you vulnerable to cold.
   SInv:      It lets you see invisible.
   rCorr:     It protects you from acid and corrosion.
   It has a curse which improves the following skills: Companions: Summonings
   and Necromancy.
   Devices:   Evocations and Shapeshifting.
Talismans
 b - a beast talisman (active)
Wands
 a - a wand of polymorph (8)
 z - a wand of iceblast (7)
 H - a wand of flame (23)
Scrolls
 d - 2 scrolls of teleportation
 g - a scroll of identify
 j - a scroll of fear
 k - 2 scrolls of vulnerability
 l - a scroll of immolation
 m - a scroll of fog
 o - 5 scrolls of revelation
 t - a scroll of poison
 u - a scroll of amnesia
 A - a scroll of brand weapon
 B - 3 scrolls of enchant armour
 J - a scroll of enchant weapon
Potions
 c - 3 potions of ambrosia
 f - 3 potions of lignification
 h - 3 potions of curing
 n - a potion of degeneration
 p - a potion of attraction
 s - 3 potions of haste
 v - 2 potions of might
 x - 2 potions of resistance
 E - a potion of cancellation
 I - a potion of invisibility


   Skills:
 + Level 2.7 Fighting
 + Level 5.0(5.8) Axes
 + Level 0.4 Throwing
 + Level 2.9 Dodging
 + Level 5.2 Stealth
 + Level 0.7(1.1) Unarmed Combat
 * Level 5.7 Spellcasting
 + Level 3.8(4.9) Conjurations
 * Level 3.8(4.5) Summonings
 + Level 1.3 Fire Magic
 + Level 1.7 Air Magic
 * Level 8.1(9.3) Alchemy
 + Level 2.1(2.8) Shapeshifting


You had 5 spell levels left.
You knew the following spells:

 Your Spells              Type           Power      Damage    Failure   Level
a - Sticky Flame          Fire/Alch      29%        2d7       11%         4
b - Mephitic Cloud        Conj/Alch/Air  29%        N/A       3%          3
c - Olgreb's Toxic Radia  Alch           47%        N/A       1%          4
d - Call Canine Familiar  Summ           26%        N/A       4%          3

Your spell library contained the following spells:

 Spells                   Type           Power      Damage    Failure   Level
 Sting                    Conj/Alch      100%       1d9       1%          1
 Summon Small Mammal      Summ           100%       N/A       1%          1
 Mercury Vapours          Alch/Air       60%        N/A       1%          2
 Momentum Strike          Conj/Tloc      34%        3d8       4%          2
 Summon Blazeheart Golem  Fire/Summ      19%        N/A       28%         4
 Martyr's Knell           Necr/Summ      16%        N/A       34%         4
 Fireball                 Conj/Fire      10%        3d6       56%         5
 Cause Fear               Hex            3%         N/A       65%         4
 Orb of Destruction       Conj           14%        9d7       100%        7
 Spellforged Servitor     Conj/Summ      13%        N/A       100%        7
 Disjunction              Tloc           3%         N/A       100%        8
 Dragon's Call            Summ           13%        N/A       100%        9


Dungeon Overview and Level Annotations

Branches:
Dungeon (9/15)             Temple (1/1) D:4             Orc (0/2) D:9
   Lair: D:8-11

Altars:
Ashenzari
Cheibriados
Dithmenos
Elyvilon
Fedhas
Gozag
Hepliaklqana
Kikubaaqudgha
Makhleb
Nemelex Xobeh
Okawaru
Qazlal
Ru
Sif Muna
Trog
Uskayaw
Vehumet
Wu Jian
Xom
Yredelemnul
Zin
The Shining One

Shops:
D:1 !(   D:4 (


Innate Abilities, Weirdness & Mutations

You are a hulking beast.
Your limbs bulge with bestial killing power. (Slay +1)
You cannot wear most types of armour.
You are amphibious.
You can wear up to eight rings at the same time.
Your skin changes colour to match your surroundings (Stealth+).
Your rubbery body absorbs attacks. (AC +1, EV +1)
((You are camouflaged when in or above water. (Stealth+)))
You have tentacles for arms and can constrict up to eight enemies at once.


Message History

Your toxic aura wanes.
Casting: Olgreb's Toxic Radiance (dangerous; 1% risk of failure)
Confirm with . or Enter, or press ? or * to list all spells.
Aiming: Mephitic Cloud (dangerous; 3% risk of failure)
Press: ? - help, Shift-Dir - straight line, f - yak
Aim: a yak (moderately wounded, very poisoned, chance to affect: 67%)
The ball explodes into a vile cloud!
The stinking cloud engulfs the yak.
The yak is moderately wounded.
The yak bellows!
The yak is engulfed in noxious fumes.
The yak appears confused.
A hornet comes into view.
The yak is engulfed in noxious fumes.
The yak appears confused.
You hit the yak.
The yak is heavily wounded.
The yak is engulfed in noxious fumes. x2
The hornet is engulfed in noxious fumes.
The hornet stings you!
You are poisoned.
You feel yourself slow down.
You feel very sick.
The hornet is engulfed in noxious fumes.
The yak is engulfed in noxious fumes.
The hornet barely misses you.
The yak is engulfed in noxious fumes.
Casting: Mephitic Cloud (dangerous; 3% risk of failure)
Confirm with . or Enter, or press ? or * to list all spells.
You call for your canine familiar and it appears with a howl!
You feel yourself speed up.
You feel very sick. The hornet stings you!
You feel yourself slow down. The hornet stings you!
* * * LOW HITPOINT WARNING * * *
You feel as though you will be slow longer.
The yak gores the yak!
The yak is engulfed in noxious fumes.
The yak appears confused.
The yak closely misses the hornet.
The hornet stings you!
* * * LOW HITPOINT WARNING * * *
You suddenly lose the ability to move!
* * * LOW HITPOINT WARNING * * *
You feel sick.
The yak is engulfed in noxious fumes.
The yak appears confused.
The hornet stings you!
You die...

.###.............#......
..##....###......#......
......................
..##................#
..##................#
..##..#........☼Y...#
..##..#........h°°..#
..##..#....#####y#......
..##..# #### #h#?#####
..##..# #.# . ...<. #.#
## ###... #># ...... #.#
#####. #.# ...... #.#
###### #.# .... #†#


You could see a yak (confused, ally target), a hornet and a friendly inugami
(summoned).

Vanquished Creatures
  A shadow (D:9)
  A wyvern (D:8)
  A yak (D:9)
  A steam dragon (D:9)
  Edmund (D:6)
  A water moccasin (D:5)
  An orc warrior (D:9)
  A hornet zombie (D:6)
  2 black bears
  An ice beast (D:5)
  A sky beast (D:7)
  2 ogres (D:5)
  2 centaurs
  3 phantoms
  Blork the orc (D:6)
  A bullfrog (D:7)
  A scorpion (D:6)
  4 killer bees (D:6)
  3 howler monkeys (D:7)
  A bullfrog zombie (D:6)
  A hound (D:6)
  3 jellies
  3 bombardier beetles
  A bullfrog skeleton (D:6)
  An orc priest (D:9)
  A centaur skeleton (D:6)
  2 orc wizards (D:9)
  4 iguanas
  7 gnolls
  5 adders
  A shadow imp (D:5)
  A white imp (D:7)
  3 dart slugs
  2 ribbon worms
  10 orcs
  4 ball pythons
  6 bats
  6 endoplasms
  3 giant cockroaches
  7 goblins
  6 hobgoblins
  4 jackals (D:2)
  3 quokkas
  3 frilled lizards
  3 kobolds
  8 rats
128 creatures vanquished.

Vanquished Creatures (collateral kills)
  A nameless horror (D:7)
1 creature vanquished.

Grand Total: 129 creatures vanquished

Notes
Turn   | Place    | Note
-------+----------+-------------------------------------------
     0 | D:1      | Chimkentus the Octopode Alchemist began the quest for the
                  | Orb.
     0 | D:1      | Reached XP level 1. HP: 11/11 MP: 3/3
    16 | D:1      | Found Tigret's Distillery.
   113 | D:1      | Found Naiwe's Weapon Emporium.
   214 | D:1      | Reached XP level 2. HP: 17/17 MP: 0/5
  1076 | D:2      | Reached XP level 3. HP: 21/21 MP: 4/6
  1080 | D:2      | Learned a level 3 spell: Mephitic Cloud
  1125 | D:2      | Reached skill level 4 in Alchemy
  1231 | D:2      | Reached XP level 4. HP: 27/27 MP: 4/7
  1906 | D:2      | Found a broken altar of Ashenzari.
  2083 | D:2      | You fall into a shaft and drop 2 floors!
  2266 | D:3      | Reached XP level 5. HP: 31/31 MP: 3/9
  2428 | D:3      | Learned a level 4 spell: Olgreb's Toxic Radiance
  2533 | D:3      | Found a faded altar of an unknown god.
  2777 | D:2      | Became a worshipper of Ashenzari the Shackled
  2813 | D:3      | Got the Tractate on Angular Summoning
  3182 | D:3      | Found a sparkling altar of Nemelex Xobeh.
  3623 | D:4      | Reached XP level 6. HP: 36/36 MP: 5/10
  3679 | D:4      | Found a blossoming altar of Fedhas.
  3685 | D:4      | Noticed a black bear
  3691 | D:4      | Killed a black bear
  3692 | D:4      | Reached skill level 1 in Air Magic
  3869 | D:4      | Found Punlal's Weapon Shoppe.
  3910 | D:4      | Found a staircase to the Ecumenical Temple.
  3922 | Temple   | Entered the Ecumenical Temple
  4026 | D:4      | Reached skill level 1 in Axes
  4122 | D:4      | Reached skill level 5 in Alchemy
  4259 | D:1      | Bought a potion of curing for 30 gold pieces
  4259 | D:1      | Bought a potion of lignification for 30 gold pieces
  4259 | D:1      | Bought a potion of resistance for 100 gold pieces
  4369 | D:5      | Entered Level 5 of the Dungeon
  4401 | D:5      | Noticed an ice beast
  4578 | D:5      | Noticed a water moccasin
  4689 | D:5      | Reached XP level 7. HP: 18/42 MP: 10/12
  4758 | D:5      | Reached skill level 1 in Shapeshifting
  4867 | D:5      | Reached skill level 1 in Fighting
  5043 | D:5      | Learned a level 4 spell: Sticky Flame
  5050 | D:5      | Reached XP level 8. HP: 30/48 MP: 8/13
  5336 | D:6      | Learned a level 3 spell: Call Canine Familiar
  5344 | D:6      | Found a burning altar of Makhleb.
  5503 | D:7      | Reached skill level 6 in Alchemy
  5507 | D:7      | Reached * piety under Ashenzari
  5579 | D:7      | Identified a scroll of acquirement
  5588 | D:7      | Acquired the ring "Juan" {rF+ rC- rCorr Str+7 SInv}
  5703 | D:6      | Reached skill level 1 in Summonings
  5901 | D:6      | Reached skill level 5 in Stealth
  6038 | D:6      | Reached XP level 9. HP: 55/55 MP: 10/16
  6583 | D:6      | Reached skill level 1 in Fire Magic
  6637 | D:6      | Noticed Blork the orc
  6690 | D:6      | Noticed Edmund
  6712 | D:6      | Killed Edmund
  6713 | D:6      | Reached skill level 5 in Spellcasting
  6720 | D:6      | Killed Blork the orc
  7192 | D:7      | Found an iron altar of Okawaru.
  7222 | D:7      | Reached skill level 7 in Alchemy
  8194 | D:9      | Reached skill level 8 in Alchemy
  8457 | D:9      | Found a staircase to the Orcish Mines.
  8484 | D:9      | Reached skill level 5 in Axes
  8525 | D:9      | Noticed a hornet
  8529 | D:9      | Paralysed by a hornet for 2 turns
  8530 | D:9      | Slain by a hornet

Illustrated notes

Levels and vault maps discovered:
D:1:      onia_arrival_pentagram, layout_rooms, serial_co_window_serial,
          co_window_corner_a, co_window_paths_a, co_window_paths_a,
          co_window_paths_a, co_window_paths_a, co_window_corner_b,
          co_window_of_opportunity_c, co_window_of_opportunity_c,
          co_window_broadway_c, serial_shops, nicolae_square_shop, shop,
          st_stairs_14, hangedman_decor_clover_reticule
D:2:      layout_loops_cross, basic_altar
D:3:      kennysheep_six_static_rooms, layout_loops_ring,
          nemelex_dance_club_becter, dreamdust_ecumenical_altar_grove
D:4:      layout_basic, lemuel_doored_altar, temple_hall, serial_shops,
          nicolae_shop_tiny_statue_garden
D:5:      layout_rooms
D:6:      layout_gridville, makhleb_heckhound_becter, serial_undead,
          serial_undead_e, serial_undead_b, serial_undead_b, serial_undead_d,
          serial_undead_e, uniq_edmund, uniq_blork_the_orc
D:7:      layout_cave_pools, general_overflow_altar, roderic_lattice_a
D:8:      minmay_slanted_spiral_squares, layout_loops_corners, uniq_maurice
D:9:      layout_basic, orc_0_dummy
Temple:   minmay_temple_bridge_d

Skill      XL: |  1  2  3  4  5  6  7  8  9 |
---------------+----------------------------+-----
Stealth        | 3 4 5 |  5.2
Alchemy        | 4 5 6 8 |  8.1
Conjurations   | 2 3 |  3.8
Spellcasting   | 3 4 5 |  5.7
Air Magic      | 1 |  1.7
Axes           | 2 3 4 5 |  5.0
Shapeshifting  | 1 2 |  2.1
Fighting       | 1 2 |  2.7
Summonings     | 1 3 |  3.8
Fire Magic     | 1 |  1.3
Throwing       | |  0.4
Dodging        | |  2.9
Unarmed Combat | |  0.7

Action                     |  1- 3 |  4- 6 |  7- 9 || total
---------------------------+-------+-------+-------++-------
  Melee: Unarmed           |    20 |    21 |       ||    41
         Tentacles         |     8 |    29 |    27 ||    64
         Constrict         |     9 |    23 |    20 ||    52
         Punch             |     1 |       |       ||     1
         War axe           |       |    43 |   120 ||   163
  Throw: Dart              |       |       |     3 ||     3
   Cast: Sting             |    29 |    55 |       ||    84
         Mephitic Cloud    |     1 |    12 |    24 ||    37
         Olgreb's Toxic Ra |       |       |    14 ||    14
         Sticky Flame      |       |       |    10 ||    10
         Call Canine Famil |       |       |     6 ||     6
 Invoke: Curse Item        |       |     1 |     2 ||     3
    Use: Scroll            |       |     3 |     4 ||     7
         Potion            |       |       |     3 ||     3
   Stab: Confused          |     1 |     4 |     6 ||    11
         Sleeping          |       |     6 |     2 ||     8
 Armour: Skin              |     2 |    26 |   100 ||   128
  Dodge: Dodged            |     6 |    21 |    67 ||    94
   Form: Beast             |     1 |       |       ||     1

Table legend: (Time is in decaauts)
 A = Elapsed time spent in this place.
 B = Non-inter-level travel time spent in this place.
 C = Inter-level travel time spent in this place.
 D = Time resting spent in this place.
 E = Time spent auto-exploring this place.
 F = Levels seen in this place.
 G = Mean time per level.
                   A        B        C        D        E       F      G
               +--------+--------+--------+--------+--------+-----+--------+
         Total |   8579 |   8162 |    417 |     95 |   6537 |  10 |  857.9 |
       Dungeon |   8578 |   8161 |    417 |     95 |   6537 |   9 |  953.1 |
        Temple |      1 |      1 |      0 |      0 |      0 |   1 |    1.0 |
               +--------+--------+--------+--------+--------+-----+--------+

Top non-repeatable levels by time:
     D:6: 1477 daAuts
     D:2: 1364 daAuts
     D:3: 1263 daAuts
     D:1: 1082 daAuts
     D:7: 870 daAuts
     D:9: 845 daAuts
     D:5: 773 daAuts
     D:4: 672 daAuts
     D:8: 228 daAuts
  Temple: 1 daAuts
